 Dungeon Crawl Stone Soup version 0.29.1-1-gd02db6906a (webtiles) character file.

Game seed: 757015029162043837

20 Marcotte the Covered (level 3, -1/29 HPs)
             Began as a Human Fighter on Sept 15, 2022.
             Succumbed to a goblin's poison
             ... on level 1 of the Dungeon.
             The game lasted 00:02:43 (351 turns).

Marcotte the Covered (Human Fighter)                 Turns: 351, Time: 00:02:44

Health: -1/29      AC:  8    Str: 18    XL:     3   Next: 0%
Magic:  3/3        EV:  9    Int:  8    God:
Gold:   57         SH:  4    Dex: 12    Spells: 2/2 levels left

rFire   . . .      SeeInvis .   a - +0 long sword
rCold   . . .      Faith    .   c - +0 buckler
rNeg    . . .      Spirit   .   b - +0 scale mail
rPois   .          Reflect  .   (no helmet)
rElec   .          Harm     .   (no cloak)
rCorr   .          Rampage  .   (no gloves)
Will    .....                   i - +0 pair of boots
Stlth   ..........              (no amulet)
HPRegen 0.09/turn               (no ring)
MPRegen 0.08/turn               (no ring)

@: lethally poisoned (-1 -> -11)
A: no striking features
a: no special abilities


You were on level 1 of the Dungeon.
You visited 1 branch of the dungeon, and saw 1 of its levels.

You collected 57 gold pieces.

Inventory:

Hand Weapons
 a - a +0 long sword (weapon)
 k - a +0 sling
Armour
 b - a +0 scale mail (worn)
 c - a +0 buckler (worn)
 h - a +0 ring mail
 i - a +0 pair of boots (worn)
Potions
 d - a potion of might
 f - a potion of attraction {unknown}
 g - 2 potions of brilliance {unknown}
 j - a potion of resistance {unknown}


   Skills:
 + Level 3.2 Fighting
 + Level 2.2 Long Blades
 + Level 3.3 Armour
 + Level 3.2 Shields


You had 2 spell levels left.
You didn't know any spells.
Your spell library was empty.

Dungeon Overview and Level Annotations

Branches:
Dungeon (1/15)

Altars:


Message History

The goblin closely misses you.
You see here 8 gold pieces.
You clumsily bash the goblin but do no damage.
The goblin barely misses you.
You clumsily bash the goblin but do no damage.
The goblin closely misses you. The goblin hits you but does no damage.
You are poisoned.
a - a +0 long sword (weapon)
You feel sick.
You closely miss the goblin.
You feel very sick. The goblin barely misses you.
The goblin completely misses you.
You completely miss the goblin.
You feel sick.
The goblin hits you with a +0 dagger of venom.
You are lethally poisoned!
You hit the goblin.
The goblin is moderately wounded.
You feel very sick. The goblin hits you but does no damage.
You barely miss the goblin.
The goblin is moderately wounded.
* * * LOW HITPOINT WARNING * * *
You feel very sick. The goblin hits you but does no damage.
You are more poisoned.
You block the goblin's attack.
You slash the goblin!
You kill the goblin!
* * * LOW HITPOINT WARNING * * *
You feel very sick.
You have reached level 3!
Your experience leads to an increase in your attributes!
Increase (S)trength, (I)ntelligence, or (D)exterity?
You feel stronger. x2
* * * LOW HITPOINT WARNING * * *
You feel very sick.
As you read the scroll labelled WEONEU DUATAKK, it crumbles to dust.
The air around you briefly surges with heat, but it dissipates.
It was a scroll of immolation.
You die...

########### #.........#
#############.........#
............'...@$..>.##
.############....)......#
## ########..... .....
###. #+# ##.## ### #((.#
##.###.(.##


There were no monsters in sight!

Vanquished Creatures
  A dart slug (D:1)
  2 ball pythons (D:1)
  4 goblins (D:1)
  A hobgoblin (D:1)
  3 bats (D:1)
  2 frilled lizards (D:1)
  4 rats (D:1)
17 creatures vanquished.

Notes
Turn   | Place    | Note
-------+----------+-------------------------------------------
     0 | D:1      | Marcotte the Human Fighter began the quest for the Orb.
     0 | D:1      | Reached XP level 1. HP: 18/18 MP: 1/1
    75 | D:1      | Reached XP level 2. HP: 22/24 MP: 2/2
   350 | D:1      | Reached XP level 3. HP: 3/29 MP: 3/3
   350 | D:1      | HP: 1/29 [poisoned by a goblin]
   351 | D:1      | Succumbed to a goblin's poison

Illustrated notes

Levels and vault maps discovered:
D:1:      minmay_arrival_shattered_statue, layout_basic,
          ebering_ecumenical_altar_abandoned

Action                   || total
-------------------------++-------
Melee: Long sword        ||    46
       Sling             ||     3
  Use: Scroll            ||     2
Armor: Scale mail        ||    41
Dodge: Dodged            ||    31
Block: Buckler           ||    19
